 Dungeon Crawl Stone Soup version 0.17-a0-1830-g81820eb (webtiles) character file.

3 Gorice the Firebug (level 1, -2/13 HPs)
             Began as an Octopode Wanderer on Sept 13, 2015.
             Slain by a giant gecko (4 damage)
             ... on level 1 of the Dungeon.
             The game lasted 00:01:07 (107 turns).

Gorice the Firebug (Octopode Wanderer)               Turns: 107, Time: 00:01:07

Health: -2/13      AC:  1    Str: 10    XL:     1   Next: 50%
Magic:  3/3        EV: 11    Int: 16    God:
Gold:   0          SH:  0    Dex: 10    Spells: 0 memorised, 4 levels left

rFire  . . .     SeeInvis .     (no weapon)
rCold  . . .     Clarity  .     (no shield)
rNeg   . . .     SustAt   .     (helmet restricted)
rPois  .         Gourm    .     (no amulet)
rElec  .         Spirit   .     (no ring)
rCorr  .         Warding  .     (no ring)
rMut   .         Stasis   .     (no ring)
MR     .....                    (no ring)
Stlth  ++........               (no ring)
                                (no ring)
                                (no ring)
                                (no ring)

@: not resistant to hostile enchantments, unstealthy
A: almost no armour, amphibious, 8 rings, constrict 8, camouflage 1, gelatinous
body 1
a: no special abilities


You were on level 1 of the Dungeon.
You were not hungry.

You visited 1 branch of the dungeon, and saw 1 of its levels.

Inventory:

Hand weapons
 b - a +2 blowgun
 g - a +0 dagger
Missiles
 f - 2 curare-tipped needles
 Z - 5 stones (quivered)
Scrolls
 a - a scroll of identify {unknown}
 d - a scroll of teleportation {!r}
 h - a scroll of remove curse {unknown}
Books
 c - the Volume of Stones

   Spells                             Type                      Level
   a - Sandblast                      Earth                        1
   b - Passwall                       Transmutation/Earth          3
Comestibles
 e - a bread ration {!e}
 i - a chunk of flesh


   Skills:
 + Level 1.2 Fighting
   Level 2.0 Crossbows
 + Level 1.3 Throwing
 - Level 2.0 Spellcasting
   Level 3.0 Fire Magic
   Level 1.1 Evocations


You had 4 spell levels left.
You didn't know any spells.

Dungeon Overview and Level Annotations

Branches:
Dungeon (1/15)

Altars:


Innate Abilities, Weirdness & Mutations

You cannot wear most types of armour.
You are amphibious.
You can wear up to eight rings at the same time.
You can use your tentacles to constrict eight enemies at once.
Your skin changes colour to match your surroundings (Stealth).
Your rubbery body absorbs attacks (AC +1).


Message History

A bat comes into view.
Found a scroll labeled YVAGESTR QATT.
Really attack barehanded? [Y]es or [N]o only, please.
Really attack barehanded? [Y]es or [N]o only, please.
Really attack barehanded?
A rat comes into view.
The helpless bat fails to defend itself.
You tentacle-slap the bat. Your grab misses the bat.
The bat is moderately wounded.
The bat hits you but does no damage. x2
The bat misses you.
You miss the bat. Your grab misses the bat.
The bat is moderately wounded.
The bat hits you. x2
Damage: 2 (max 2)
You barely miss the bat. Your grab misses the bat.
The bat is moderately wounded.
The bat closely misses you.
You miss the bat. You grab the bat.
The bat is moderately wounded.
You constrict the bat. The bat hits you but does no damage. The bat hits you.
Damage: 1 (max 2)
You tentacle-slap the bat.
You kill the bat!
The rat barely misses you.
You tentacle-slap the rat. Your grab misses the rat. You squeeze the rat.
You kill the rat!
No target in view!
No target in view!
No target in view!
You see here a rat corpse.
You butcher the rat corpse.
i - a chunk of flesh You see here a rat skeleton.
A giant gecko comes into view.
Found a stone staircase leading down.
You barely miss the giant gecko. Your grab misses the giant gecko.
The giant gecko barely misses you.
You closely miss the giant gecko. Your grab misses the giant gecko.
The giant gecko bites you. x2
* * * LOW HITPOINT WARNING * * *
Damage: 8 (max 8)
You barely miss the giant gecko. You grab the giant gecko.
You constrict the giant gecko, but do no damage.
The giant gecko barely misses you.
You completely miss the giant gecko. You constrict the giant gecko.
The giant gecko bites you.
You die...

###.####### ..#. .........#
...>#####.#.....#
..#.#...........#
..#?..#.....#...#
#.#...##...##...## #....
##.###....# #l.##
#.##.###.. #@..##
#.#.###...
##########....####.####....
.......÷..........<........
##########....####.####....
#.....###.#.#.###..†
#.#..###.##.##.###..
#.#.....###.###.....
#.#.....##...##.....
#.###...#.....#..###


You could see a giant gecko.

Vanquished Creatures
  A bat (D:1)
  2 kobolds (D:1)
  A rat (D:1)
4 creatures vanquished.

Notes
Turn   | Place    | Note
--------------------------------------------------------------
     0 | D:1      | Gorice the Octopode Wanderer began the quest for the Orb.
     0 | D:1      | Gorice set off with: 3 curare-tipped needles, a +2 blowgun, the Volume of Stones, a scroll of teleportation {!r}, a bread ration {!e}
     0 | D:1      | Reached XP level 1. HP: 13/13 MP: 3/3
    17 | D:1      | Identified the Volume of Stones
   105 | D:1      | HP: 2/13 [giant gecko (5)]
   107 | D:1      | Slain by a giant gecko

Vault maps used:
D:1:      roderic_crossed_star

Action                   || total
-------------------------++-------
Melee: Unarmed           ||    14
 Fire: Blowgun           ||     3
 Stab: Sleeping          ||     1

Table legend:
 A = Turns spent in this place as a percentage of turns spent in the entire game.
 B = Non-inter-level travel turns spent in this place as a percentage of non-inter-level travel turns spent in the entire game.
 C = Inter-level travel turns spent in this place as a percentage of turns spent in this place.
 D = Turns resting spent in this place as a percentage of non-inter-level travel turns spent in this place.
 E = Turns spent auto-exploring this place as a percentage of non-inter-level travel turns spent in this place.
 F = Non-inter-level travel turns spent in this place divided by the number of levels of this place that you've seen.
                   A       B       C       D       E      F
               +-------+-------+-------+-------+-------+----------------------
         Total | 100.0 | 100.0 |   0.0 |   0.0 |   7.3 |  55.0
       Dungeon | 100.0 | 100.0 |   0.0 |   0.0 |   7.3 |  55.0
               +-------+-------+-------+-------+-------+----------------------

Vault maps used:
D:1:      roderic_crossed_star
